 Seeded DCSS version 0.31-a0-1591-g515db51633 (webtiles) character file.

Game seed: 560841995258110699 (custom seed)

21748 Esekla the Spear-Bearer (level 12, -1/63 (68) HPs)
             Began as a Tengu Conjurer on Jan 6, 2024.
             Was an Initiate of Ashenzari.
             Shot with an arrow by a deep elf archer (3 damage)
             ... in a volcano.
             The game lasted 01:59:37 (14397 turns).

Esekla the Spear-Bearer (Tengu Conjurer)           Turns: 14397, Time: 01:59:38

HP:   -1/63 (68)    AC:  9    Str: 10    XL:     12   Next: 93%
MP:   19/25         EV: 18    Int: 20    God:    Ashenzari [......]
Gold: 341           SH:  5    Dex: 14    Spells: 16/27 levels left

rFire   + + .        r - +9 lance "Wyrmbane" {slay drac, rPois rF+ rC+ AC+3}
rCold   + . .        (no shield)
rNeg    . . .        z - +3 leather armour {rF+}
rPois   +            (helmet restricted)
rElec   .            (no cloak)
rCorr   +            (no gloves)
SInv    .            (boots unavailable)
Will    .....        F - amulet of reflection
Stlth   +++          D - ring of Supernal Wisdom {rCorr, Melee, Comp} (curse)
HPRegen 0.30/turn    H - ring of wizardry
MPRegen 0.19/turn

%: reflection, acrobat, wizardry (x1)
@: flying, drained
A: beak, talons 3, evasive flight, acrobatic
a: Renounce Religion, Curse Item, Shatter the Chains


You were in a volcano.
You worshipped Ashenzari.
Ashenzari was noncommittal.
You visited 3 branches of the dungeon, and saw 13 of its levels.
You also visited: Sewer and Volcano.

You collected 538 gold pieces.
You spent 197 gold pieces at shops.

Inventory:

Hand Weapons
 a - the +5 woodcutter's axe
   (You found it on level 4 of the Dungeon)
 c - a +3 falchion
 r - the +9 lance "Wyrmbane" (weapon) {slay drac, rPois rF+ rC+ AC+3}
   (You took it off Maggie on level 8 of the Dungeon)

   AC+3:      It affects your AC (+3).
   rF+:       It protects you from fire.
   rC+:       It protects you from cold.
   rPois:     It protects you from poison
 s - the +6 dagger of Jeidgharr {heavy, Dex+4}
   (You found it on level 3 of the Dungeon)

   Dex+4:     It affects your dexterity (+4).
Missiles
 C - 9 poisoned darts (quivered)
 G - 8 boomerangs
Armour
 m - the +2 leather armour of the Hart {rF+ Str-3 Stlth+}
   (You found it on level 3 of the Dungeon)

   Str-3:     It affects your strength (-3).
   rF+:       It protects you from fire.
   Stlth+:    It makes you more stealthy.
 o - a +0 robe
 y - +0 swamp dragon scales
 z - a +3 leather armour of fire resistance (worn)
 K - +0 steam dragon scales
Jewellery
 t - a ring of ice
 D - the cursed ring of Supernal Wisdom (left hand) {rCorr, Melee, Comp}
   (You found it on level 6 of the Dungeon)

   [ring of resist corrosion]

   rCorr:     It protects you from acid and corrosion.
   It has a curse which improves the following skills: Melee Combat: Short
   Blades, Long Blades, Axes, Maces & Flails, Polearms, Staves and Unarmed
   Combat.
   Companions: Summonings and Necromancy.
 F - an amulet of reflection (around neck)
 H - a ring of wizardry (right hand)
Wands
 p - a wand of iceblast (7)
 M - a wand of digging (5)
Scrolls
 f - 5 scrolls of teleportation
 g - a scroll of immolation {unknown}
 h - a scroll of vulnerability {unknown}
 l - 2 scrolls of enchant armour {unknown}
 q - 3 scrolls of revelation {unknown}
 u - 3 scrolls of fear
 w - 2 scrolls of enchant weapon {unknown}
 B - 3 scrolls of amnesia {unknown}
 I - a scroll of acquirement {unknown}
 J - a scroll of butterflies {unknown}
Potions
 b - a potion of magic
 d - 2 potions of experience
 e - 2 potions of brilliance
 i - 2 potions of might
 j - a potion of attraction {unknown}
 k - a potion of lignification {unknown}
 n - a potion of curing
 v - 2 potions of haste
 x - a potion of invisibility
 A - 3 potions of ambrosia
 E - a potion of enlightenment {unknown}


   Skills:
 + Level 5.3 Fighting
 * Level 8.4(8.8) Short Blades
 + Level 2.0(7.6) Axes
 * Level 11.3(11.8) Polearms
 + Level 2.5 Throwing
 + Level 3.3 Armour
 + Level 6.7 Dodging
 + Level 6.3 Stealth
 + Level 3.9 Shields
 * Level 8.1 Spellcasting
 + Level 8.6 Conjurations
 * Level 2.0(2.3) Necromancy
 + Level 5.1 Translocations
 * Level 2.8 Fire Magic
 + Level 0.5 Alchemy
 + Level 0.2 Evocations


You had 16 spell levels left.
You knew the following spells:

 Your Spells              Type           Power      Damage    Failure   Level
a - Magic Dart            Conj           100%       1d8       1%          1
e - Searing Ray           Conj           84%        2d7       1%          2
l - Iskenderun's Mystic   Conj/Tloc      35%        2d8       2%          4
y - Sticky Flame          Fire/Alch      14%        2d5       22%         4

Your spell library contained the following spells:

 Spells                   Type           Power      Damage    Failure   Level
 Hailstorm                Conj/Ice       25%        3d7       2%          3
 Cigotuvi's Dreadful Rot  Necr/Alch/Air  22%        N/A       4%          2
 Manifold Assault         Tloc           28%        N/A       5%          4
 Fulminant Prism          Conj/Alch      13%        3d8       7%          4
 Summon Ice Beast         Ice/Summ       8%         N/A       13%         3
 Animate Dead             Necr           17%        N/A       16%         4
 Dispel Undead            Necr           17%        3d10      16%         4
 Ignite Poison            Fire/Alch      14%        N/A       22%         4
 Martyr's Knell           Necr/Summ      12%        N/A       26%         4
 Dispersal                Tloc           14%        N/A       58%         6
 Death Channel            Necr           8%         N/A       92%         6
 Sculpt Simulacrum        Ice/Alch       4%         N/A       99%         6
 Haunt                    Necr/Summ      6%         N/A       100%        7
 Disjunction              Tloc           14%        N/A       100%        8
 Ignition                 Fire           9%         3d5       100%        8
 Infestation              Necr           8%         N/A       100%        8


Dungeon Overview and Level Annotations

Branches:
Dungeon (9/15)             Temple (1/1) D:7            Lair (3/5) D:9
 Spider (0/4) Lair:2        Sewer (visited)         Volcano (1/1)
  Swamp: Lair:2-3    Shoals: Lair:2-3       Orc: D:9-12

Altars:
Ashenzari
Cheibriados
Dithmenos
Elyvilon
Fedhas
Gozag
Hepliaklqana
Kikubaaqudgha
Makhleb
Nemelex Xobeh
Okawaru
Qazlal
Ru
Sif Muna
Trog
Uskayaw
Vehumet
Xom
Yredelemnul
Zin
The Shining One

Shops:
D:6 *

Annotations:
D:3 orc wizard
D:4 black bear
D:6 1 runed translucent door, Crazy Yiuf
Lair:3 Nessos


Innate Abilities, Weirdness & Mutations

You have a beak for a mouth.
You have claws for feet.
Your magical flight helps you evade attacks. (EV +4)
You can magically evade attacks while moving or waiting.


Message History

The deep elf archer is lightly wounded.
The deep elf archer burns!
The deep elf archer hits you with a +5 flail of draining!
You feel drained.
You hit the deep elf archer but do no damage.
You claw the deep elf archer! Your peck misses the deep elf archer.
The deep elf archer is heavily wounded.
The deep elf archer burns!
You puncture the deep elf archer!
You claw the deep elf archer, but do no damage.
You punch the deep elf archer, but do no damage.
The deep elf archer is severely wounded.
The deep elf archer gestures wildly while chanting.
The deep elf archer blinks!
Casting: Sticky Flame (quite dangerous; 22% risk of failure)
Confirm with . or Enter, or press ? or * to list all spells.
You can't see any susceptible monsters within range! (Use Z to cast anyway.)
Casting: Sticky Flame (quite dangerous; 22% risk of failure)
Confirm with . or Enter, or press ? or * to list all spells.
Aiming: Magic Dart (safe; 1% risk of failure)
Press: ? - help, Shift-Dir - straight line, f/p - deep elf archer
Aim: a deep elf archer, wielding a +5 flail of draining and wearing a +1 leather armour of fire resistance (severely wounded, repelling missiles, covered in liquid flames, 100% to hit)
The magic dart hits the deep elf archer.
The deep elf archer is severely wounded.
The deep elf archer burns!
The deep elf archer stops burning.
The deep elf archer unwields a +5 flail of draining.
The deep elf archer wields a +2 shortbow of flaming.
It bursts into flame!
The deep elf archer shoots an arrow.
The arrow misses you.
Casting: Magic Dart (safe; 1% risk of failure)
Confirm with . or Enter, or press ? or * to list all spells.
Aiming: Magic Dart (safe; 1% risk of failure)
Press: ? - help, Shift-Dir - straight line, f/p - deep elf archer
Aim: a deep elf archer, wielding a +2 shortbow of flaming and wearing a +1 leather armour of fire resistance (almost dead, repelling missiles, 100% to hit)
The magic dart hits the deep elf archer.
The deep elf archer is almost dead.
The deep elf archer shoots an arrow.
The arrow hits you!!
* * * LOW HITPOINT WARNING * * *
The arrow burns you.
You die...

### ###≈≈≈ ###§≈≈§#
###§§§≈###
###§≈§§###.#
###≈≈§§###.)§#
###§§≈≈###.§§≈.#
###≈≈§§###.)@#.[§#
##§≈§≈###.....###'#
§≈≈###.e...###...#
###)').####.....#
#∩..####..'.....#
#∩..#.....#.e.###.e#
###.#..≈..#.#'#.#ee#
≈≈§###.....###e..#..#
##§§≈≈###...#.....#..#


You could see a deep elf archer (repels missiles).

Vanquished Creatures
  2 death yaks (Lair:1)
  A skyshark (Lair:2)
  A deep elf archer (Volcano)
  8 deep elf pyromancers (Volcano)
  A lindwurm (Lair:1)
  Joseph (D:8)
  2 black mambas (Lair:1)
  5 cane toads
  Maggie (D:8)
  2 komodo dragons (Lair:1)
  A queen bee (Lair:1)
  A hornet (Lair:1)
  3 blink frogs (Lair:2)
  2 jumping spiders (Lair:2)
  5 wyverns
  13 yaks
  5 fire elementals (Volcano)
  3 steam dragons
  3 basilisks
  4 hell hounds (Volcano)
  10 water moccasins
  3 orc warriors
  2 black bears
  An ice beast (D:5)
  3 centaurs
  An ogre (D:7)
  24 wolves
  A phantom (D:5)
  A kobold brigand (D:9)
  2 brain worms (Sewer)
  8 bullfrogs
  2 scorpions
  8 wights (D:8)
  15 killer bees (Lair:1)
  A bombardier beetle (D:5)
  6 orc priests
  3 hounds
  A gnoll bouda (D:7)
  2 jellies
  A sleepcap (D:6)
  6 iguanas
  9 orc wizards
  9 gnolls
  14 adders
  4 river rats (Sewer)
  A white imp (D:8)
  A ribbon worm (D:3)
  5 dart slugs
  16 orcs
  4 endoplasms
  4 giant cockroaches
  5 hobgoblins
  3 quokkas
  8 ball pythons
  9 bats
  9 frilled lizards
  5 goblins
  11 kobolds
  15 rats
297 creatures vanquished.

Notes
Turn   | Place    | Note
-------+----------+-------------------------------------------
     0 | D:1      | Esekla the Tengu Conjurer began the quest for the Orb.
     0 | D:1      | Reached XP level 1. HP: 10/10 MP: 4/4
    83 | D:1      | You fall into a shaft and drop 1 floor!
   312 | D:2      | Found a faded altar of an unknown god.
   318 | D:2      | Reached XP level 2. HP: 12/15 MP: 0/6
   366 | D:2      | Learned a level 2 spell: Searing Ray
   404 | D:2      | Reached XP level 3. HP: 14/19 MP: 0/7
  1302 | D:2      | Reached XP level 4. HP: 24/24 MP: 5/9
  1618 | D:3      | Identified the +2 leather armour of the Hart {rF+ Str-3
                  | Stlth+}
  1837 | D:3      | Identified the +6 dagger of Jeidgharr {heavy, Dex+4}
  2390 | D:3      | Reached XP level 5. HP: 28/28 MP: 10/10
  2395 | D:3      | Learned a level 4 spell: Iskenderun's Mystic Blast
  2500 | D:4      | Found the +5 woodcutter's axe
  2537 | D:4      | Reached skill level 1 in Polearms
  2623 | D:5      | Entered Level 5 of the Dungeon
  2654 | D:5      | Found a blossoming altar of Fedhas.
  2659 | D:5      | Found a sparkling altar of Nemelex Xobeh.
  2661 | D:5      | Found a shadowy altar of Dithmenos.
  2661 | D:5      | Found a stormy altar of Qazlal.
  2667 | D:5      | Found a basalt altar of Yredelemnul.
  2685 | D:5      | Noticed an ice beast
  2769 | D:5      | Killed an ice beast
  2770 | D:5      | Reached XP level 6. HP: 14/33 MP: 10/12
  2804 | D:5      | Found a glowing drain.
  2883 | Sewer    | Entered a sewer
  3102 | Sewer    | Reached skill level 1 in Translocations
  3141 | Sewer    | Reached skill level 1 in Short Blades
  3141 | Sewer    | Reached skill level 2 in Polearms
  3253 | Sewer    | Gained mutation: Your magical flight helps you evade
                  | attacks. (EV +4) [Tengu growth]
  3253 | Sewer    | Reached XP level 7. HP: 25/37 MP: 1/13
  3879 | D:5      | Reached skill level 1 in Fighting
  4700 | D:5      | Reached XP level 8. HP: 43/43 MP: 15/15
  4805 | D:6      | Found an opulent altar of Gozag.
  4868 | D:6      | Found a runed translucent door.
  4869 | D:6      | Noticed Crazy Yiuf
  5156 | D:6      | Reached skill level 3 in Polearms
  5216 | D:6      | Reached skill level 5 in Stealth
  5355 | D:6      | Found Bisonib's Assorted Antiques.
  5363 | D:6      | Bought a scroll labelled IJEPLA PUATE for 25 gold pieces
  5363 | D:6      | Bought a scroll labelled ZESHRIXT RARHI for 25 gold pieces
  5363 | D:6      | Bought a smoky silvery potion for 22 gold pieces
  5363 | D:6      | Bought a tiny fluorescent amulet for 125 gold pieces
  6121 | D:7      | Found a staircase to the Ecumenical Temple.
  6124 | D:7      | Noticed a wyvern
  6129 | Temple   | Entered the Ecumenical Temple
  6135 | Temple   | Killed a wyvern
  6150 | Temple   | Became a worshipper of Ashenzari the Shackled
  6185 | D:7      | Reached skill level 4 in Polearms
  6597 | D:7      | Reached skill level 5 in Spellcasting
  6740 | D:7      | Reached XP level 9. HP: 32/49 MP: 4/17
  7249 | D:8      | Noticed Joseph
  7344 | D:9      | Found a staircase to the Lair.
  7386 | D:8      | Reached skill level 1 in Axes
  7529 | D:8      | Reached skill level 1 in Armour
  7657 | D:8      | Noticed Maggie
  7727 | D:7      | Reached skill level 5 in Polearms
  8410 | D:8      | Killed Maggie
  8411 | D:8      | Reached skill level 5 in Short Blades
  8411 | D:8      | Reached XP level 10. HP: 56/56 MP: 20/20
  8462 | D:8      | Killed Joseph
  8463 | D:8      | Reached skill level 1 in Throwing
  8830 | D:9      | Noticed a kobold demonologist
  8945 | D:9      | Noticed a kobold demonologist
  8995 | Lair:1   | Entered Level 1 of the Lair of Beasts
  9108 | Lair:1   | Reached skill level 6 in Polearms
  9251 | Lair:1   | Noticed a cane toad
  9492 | D:8      | Reached skill level 5 in Dodging
  9492 | D:8      | Reached skill level 1 in Shields
  9901 | Lair:1   | Killed a cane toad
  9902 | Lair:1   | Reached XP level 11. HP: 45/60 MP: 22/22
 10030 | Lair:1   | Reached skill level 7 in Polearms
 10206 | Lair:1   | Noticed a lindwurm
 10214 | Lair:1   | Killed a lindwurm
 10300 | Lair:1   | HP: 3/61 [wolf (8)]
 10613 | Lair:1   | Reached skill level 8 in Polearms
 11739 | Lair:2   | Reached skill level 9 in Polearms
 12113 | Lair:2   | Reached XP level 12. HP: 43/67 MP: 24/24
 12129 | Lair:2   | Reached skill level 5 in Translocations
 12144 | Lair:2   | Found a hole to the Spider Nest.
 12230 | Lair:2   | Noticed a skyshark
 12238 | Lair:2   | Killed a skyshark
 12304 | Lair:2   | Learned a level 4 spell: Sticky Flame
 12594 | Lair:2   | Noticed a death yak
 12595 | Lair:2   | Noticed a death yak
 12595 | Lair:2   | Noticed a death yak
 12622 | Lair:2   | Found a radiant altar of Vehumet.
 12636 | Lair:2   | Reached skill level 10 in Polearms
 12876 | Lair:1   | Killed a death yak
 13128 | Lair:1   | Killed a death yak
 13129 | Lair:1   | Reached skill level 1 in Fire Magic
 13281 | Lair:3   | Noticed Nessos
 13359 | Lair:3   | Found a dark tunnel.
 13391 | Lair:3   | HP: 2/68 [wyvern (12)]
 13740 | Volcano  | Entered a volcano
 13855 | Volcano  | Reached skill level 5 in Fighting
 13937 | Volcano  | Reached skill level 1 in Necromancy
 14026 | Volcano  | Reached skill level 11 in Polearms
 14049 | Volcano  | HP: 3/68 [deep elf archer/arrow (4)]
 14397 | Volcano  | HP: 2/63 [deep elf archer/arrow (23)]
 14397 | Volcano  | Shot with an arrow by a deep elf archer

Illustrated notes

Levels and vault maps discovered:
D:1:      ncdulo_smallfort, layout_loops_cross
D:2:      layout_loops_cross, ebering_ecumenical_altar_sacrificial
D:3:      minmay_skewed_foursquare, layout_basic, serial_bayou_pond_a
D:4:      layout_loops_ring
D:5:      layout_cave_pools, nicolae_overflow_hallway_of_the_gods,
          mainiacjoe_sewer_entry_somewhere_in_here_2
D:6:      layout_layer_cave, grunt_gozag_statues, serial_shops, shop,
          uniq_crazy_yiuf_cottage
D:7:      layout_rooms, minmay_temple_entry_overgrown
D:8:      layout_basic, uniq_joseph, uniq_maggie
D:9:      layout_rooms, erik_lair_orcish_takeover, uniq_harold
Temple:   eino_wide_crystal_templ
Lair:1:   layout_gridlike, special_room [special_room_bee]
Lair:2:   layout_small_grid, spider_nest_entry_a, basic_altar
Lair:3:   layout_regular_city, minmay_shoals_entry_centaurs,
          lightli_volcano_entry_magma_tube, uniq_fannar, uniq_nessos,
          uniq_josephine
Volcano:  hellmonk_pyromancer_palace

Skill      XL: |  1  2  3  4  5  6  7  8  9 10 11 12 |
---------------+-------------------------------------+-----
Conjurations   | 6 7 8 |  8.6
Spellcasting   | 3 4 5 6 7 8 |  8.1
Stealth        | 3 4 5 6 |  6.3
Polearms       | 1 2 4 5 6 9 11 | 11.3
Translocations | 1 2 3 4 5 |  5.1
Short Blades   | 1 2 3 5 6 7 8 |  8.4
Fighting       | 1 2 3 4 5 |  5.3
Dodging        | 3 4 5 6 |  6.7
Axes           | 1 2 |  2.0
Armour         | 2 3 |  3.3
Throwing       | 1 2 |  2.5
Shields        | 2 3 |  3.9
Fire Magic     | 2 |  2.8
Necromancy     | 2 |  2.0
Alchemy        | |  0.5
Evocations     | |  0.2

Action                     |  1- 3 |  4- 6 |  7- 9 | 10-12 || total
---------------------------+-------+-------+-------+-------++-------
  Melee: Unarmed           |     3 |       |       |       ||     3
         Kick              |     4 |     8 |    15 |   142 ||   169
         Dagger            |    16 |    20 |    16 |    12 ||    64
         Peck              |     3 |     6 |     2 |    98 ||   109
         Battleaxe         |       |    24 |    33 |     7 ||    64
         Punch             |       |       |     1 |     9 ||    10
         Long sword        |       |       |     1 |       ||     1
         Lance             |       |       |       |   579 ||   579
  Throw: Dart              |       |       |     8 |    42 ||    50
   Cast: Magic Dart        |    21 |    11 |    15 |     2 ||    49
         Searing Ray       |    11 |    21 |    52 |    18 ||   102
         Iskenderun's Myst |       |       |     4 |     8 ||    12
         Sticky Flame      |       |       |       |     8 ||     8
 Invoke: Curse Item        |       |       |     1 |       ||     1
  Evoke: Wand              |       |       |       |     2 ||     2
    Use: Scroll            |       |       |     7 |     7 ||    14
         Potion            |       |       |     2 |    12 ||    14
   Stab: Sleeping          |     5 |    13 |     7 |     3 ||    28
         Distracted        |       |       |     1 |     2 ||     3
 Armour: Robe              |     8 |    18 |    23 |       ||    49
         Leather armour    |       |       |    27 |    13 ||    40
         Steam dragon scal |       |       |       |   211 ||   211
  Dodge: Dodged            |    26 |    44 |   125 |   394 ||   589
  Block: Other             |       |       |    14 |   101 ||   115
         Reflection        |       |       |     1 |     1 ||     2

Table legend: (Time is in decaauts)
 A = Elapsed time spent in this place.
 B = Non-inter-level travel time spent in this place.
 C = Inter-level travel time spent in this place.
 D = Time resting spent in this place.
 E = Time spent auto-exploring this place.
 F = Levels seen in this place.
 G = Mean time per level.
                   A        B        C        D        E       F      G
               +--------+--------+--------+--------+--------+-----+--------+
         Total |  14202 |  13898 |    304 |   3711 |   2785 |  15 |  946.8 |
       Dungeon |   8906 |   8682 |    224 |   1903 |   2074 |   9 |  989.6 |
        Temple |     45 |     31 |     14 |      0 |      0 |   1 |   45.0 |
          Lair |   4022 |   3957 |     65 |   1211 |    583 |   3 | 1340.7 |
         Sewer |    617 |    617 |      0 |    226 |    116 |   1 |  617.0 |
       Volcano |    610 |    610 |      0 |    370 |     12 |   1 |  610.0 |
               +--------+--------+--------+--------+--------+-----+--------+

Top non-repeatable levels by time:
  Lair:1: 2363 daAuts
     D:8: 1461 daAuts
     D:6: 1390 daAuts
  Lair:2: 1222 daAuts
     D:3: 1125 daAuts
     D:7: 1017 daAuts
     D:5: 1013 daAuts
     D:9: 760 daAuts
     D:4: 757 daAuts
     D:2: 727 daAuts
     D:1: 652 daAuts
   Sewer: 617 daAuts
 Volcano: 610 daAuts
  Lair:3: 435 daAuts
  Temple: 45 daAuts
